 Dungeon Crawl Stone Soup version 0.22.1-2-g9c5b331383 (webtiles) character file.

8531 Ihlosi the Thaumaturge (level 11, -2/64 HPs)
             Began as a Kobold Ice Elementalist on Jan 4, 2019.
             Was a Priest of Sif Muna.
             Slain by a merfolk
             ... wielding a +0 spear
              (15 damage)
             ... on level 11 of the Dungeon.
             The game lasted 00:46:06 (16421 turns).

Ihlosi the Thaumaturge (Kobold Ice Elementalist)   Turns: 16421, Time: 00:46:07

Health: -2/64      AC:  6    Str:  7    XL:     11   Next: 57%
Magic:  13/24      EV: 19    Int: 18    God:    Sif Muna [***...]
Gold:   678        SH:  0    Dex: 16    Spells: 21/28 levels left

rFire    . . .     SeeInvis .   a - +0 rapier
rCold    . . .     Gourm    .   (shield restricted)
rNeg     . . .     Faith    .   t - +0 robe
rPois    .         Spirit   .   (no helmet)
rElec    .         Reflect  .   (no cloak)
rCorr    .         Harm     .   D - +1 pair of gloves
MR       .....                  N - +1 pair of boots
Stlth    ++++......             (no amulet)
HPRegen  0.20/turn              p - ring of wizardry
MPRegen  0.19/turn              A - ring of stealth

@: no status effects
A: small, carnivore
a: Divine Energy, Channel Magic, Renounce Religion


You were on level 11 of the Dungeon.
You worshipped Sif Muna.
Sif Muna was most pleased with you.
You were very full.

You visited 2 branches of the dungeon, and saw 12 of its levels.
You also visited: Sewer and Ossuary.

You collected 678 gold pieces.

Inventory:

Hand Weapons
 a - a +0 rapier (weapon)
 b - a +1 long sword
Missiles
 j - 46 bolts
 w - 2 curare-tipped needles
Armour
 g - a +2 chain mail of poison resistance
 t - a +0 robe (worn)
 y - a +0 buckler
 D - a +1 pair of gloves (worn)
 N - a +1 pair of boots (worn)
Magical Staves
 K - an uncursed staff of cold
Jewellery
 p - a ring of wizardry (left hand)
 A - a ring of stealth (right hand)
Wands
 x - a wand of enslavement (9)
 C - a wand of flame (7)
 F - a wand of iceblast (12)
 M - a wand of acid (5)
Scrolls
 e - 2 scrolls of blinking
 f - a scroll of enchant armour
 h - 5 scrolls of remove curse
 l - a scroll of fog
 n - 2 scrolls of magic mapping
 B - 8 scrolls of teleportation
 H - 2 scrolls of fear
 J - a scroll of immolation
Potions
 d - a potion of resistance {unknown}
 i - 4 potions of flight
 k - a potion of might
 m - 4 potions of curing
 o - 4 potions of heal wounds
 q - a potion of ambrosia {unknown}
 r - 2 potions of cancellation
 s - 2 potions of brilliance
 v - 5 potions of mutation
 z - 3 potions of invisibility
 E - 2 potions of haste {unknown}
 G - 2 potions of agility {unknown}
 I - a potion of berserk rage {unknown}
 L - 3 potions of magic
Miscellaneous
 u - a sack of spiders
Comestibles
 c - 21 rations


   Skills:
 * Level 6.3 Fighting
 * Level 5.9 Short Blades
 - Level 1.0 Armour
 * Level 6.3 Dodging
 * Level 6.5 Stealth
 * Level 4.0 Shields
 - Level 2.0 Unarmed Combat
 * Level 9.4 Spellcasting
 * Level 6.5 Conjurations
 * Level 6.4 Ice Magic
 * Level 3.6 Evocations


You had 21 spell levels left.
You knew the following spells:

 Your Spells              Type           Power        Failure   Level  Hunger
a - Freeze                Ice            ####         1%          1    None
b - Throw Icicle          Conj/Ice       ####....     2%          4    ###....
c - Ensorcelled Hibernat  Hex/Ice        ###...       1%          2    None

Your spell library contained the following spells:

 Spells                   Type           Power        Failure   Level  Hunger
 Throw Frost              Conj/Ice       ####..       1%          2    None
 Dazzling Spray           Conj/Hex       ###...       2%          3    None
 Ozocubu's Armour         Chrm/Ice       ###.....     2%          3    None
 Animate Skeleton         Necr           N/A          3%          1    None
 Corona                   Hex            #......      3%          1    None
 Pain                     Necr           #...         3%          1    None
 Summon Small Mammal      Summ           #...         3%          1    None
 Call Imp                 Summ           #.......     5%          2    None
 Summon Ice Beast         Ice/Summ       ###.....     9%          4    ###....
 Call Canine Familiar     Summ           #.......     11%         3    None
 Confuse                  Hex            #.......     11%         3    None
 Regeneration             Chrm/Necr      #.........   11%         3    None
 Summon Guardian Golem    Hex/Summ       #.......     11%         3    None
 Tukima's Dance           Hex            #.......     11%         3    None
 Vampiric Draining        Necr           #.........   11%         3    None
 Animate Dead             Necr           N/A          32%         4    ###....
 Summon Lightning Spire   Summ/Air       #.......     32%         4    ###....


Dungeon Overview and Level Annotations

Branches:
Dungeon (11/15)            Temple (1/1) D:4
   Lair: D:8-11         Orc: D:9-12

Altars:
Ashenzari
Cheibriados
Dithmenos
Elyvilon
Fedhas
Gozag
Hepliaklqana
Kikubaaqudgha
Makhleb
Nemelex Xobeh
Okawaru
Qazlal
Ru
Sif Muna
Trog
Uskayaw
Vehumet
Wu Jian
Xom
Yredelemnul
Zin
The Shining One

Annotations:
D:11 exclusion: oklob plant


Innate Abilities, Weirdness & Mutations

You are small and have problems with some larger weapons.
You are carnivorous and can eat meat at any time.


Message History

Aim: a merfolk, wielding a spear (moderately wounded)
You freeze the merfolk.
The merfolk is moderately wounded.
The merfolk hits you with a spear!
* * * LOW HITPOINT WARNING * * *
Casting: Freeze (safe; 1% risk of failure)
Confirm with . or Enter, or press ? or * to list all spells.
Aiming: Throw Icicle (safe; 2% risk of failure)
Press: ? - help, Shift-Dir - straight line, f/p - merfolk
Aim: a merfolk, wielding a spear (moderately wounded)
The shard of ice hits the merfolk.
The merfolk is heavily wounded.
The merfolk hits you but does no damage.
Casting: Throw Icicle (safe; 2% risk of failure)
Confirm with . or Enter, or press ? or * to list all spells.
Aiming: Throw Icicle (safe; 2% risk of failure)
Press: ? - help, Shift-Dir - straight line, f/p - merfolk
Aim: a merfolk, wielding a spear (heavily wounded)
The shard of ice misses the merfolk.
The merfolk hits you with a spear!
You die...

###########
#####..........
#..............
######.###....##
###m#.%##.###....##
#.@....##.#<.....'.
#.#≈≈≈≈##.###....##
.#####.#######.###....##
..'........>.............
..#############.#########
#.##. #.##...####
#..'......) ####...####


You could see a merfolk.

Vanquished Creatures
  A gargoyle (D:10)
  4 trolls
  3 hippogriffs
  A wyvern (D:7)
  8 yaks
  A hungry ghost (D:9)
  3 orc warriors
  6 sky beasts
  2 ice beasts (D:9)
  3 phantoms
  2 black bears (D:8)
  6 ogres
  2 centaurs
  A big kobold (D:10)
  An elf zombie (D:7)
  8 bullfrogs
  A wyvern zombie (D:7)
  2 elf skeletons (D:7)
  A wyvern skeleton (D:9)
  8 scorpions
  A water moccasin skeleton (D:6)
  2 killer bees
  11 howler monkeys
  2 crimson imps (D:7)
  A human zombie (D:7)
  2 jellies
  A lava snake (D:7)
  3 hounds
  A centaur skeleton (D:8)
  2 orc priests
  7 orc wizards
  A human skeleton (D:7)
  12 worker ants
  Ijyb (D:3)
  2 iguanas
  A killer bee zombie (D:6)
  A hound zombie (D:7)
  A hound skeleton (D:5)
  2 worker ant zombies
  4 gnolls (D:2)
  15 adders
  A shadow imp (D:8)
  14 oozes
  An adder zombie (D:8)
  3 worms
  4 dart slugs
  10 leopard geckos
  32 orcs
  13 ball pythons
  9 bats
  22 giant cockroaches
  4 hobgoblins
  4 jackals
  7 quokkas
  15 frilled lizards
  4 gnoll skeletons (Ossuary)
  6 goblins
  11 kobolds
  10 kobold skeletons (Ossuary)
  10 orc skeletons (Ossuary)
  An orc zombie (D:7)
  7 rats
325 creatures vanquished.

Vanquished Creatures (collateral kills)
  A wraith (Ossuary)
  A mummy (Ossuary)
  An orc skeleton (Ossuary)
3 creatures vanquished.

Vanquished Creatures (others)
  5 plants
5 creatures vanquished.

Grand Total: 333 creatures vanquished

Notes
Turn   | Place    | Note
-------+----------+-------------------------------------------
     0 | D:1      | Ihlosi the Kobold Ice Elementalist began the quest for the
                  | Orb.
     0 | D:1      | Reached XP level 1. HP: 10/10 MP: 3/3
    96 | D:1      | Reached XP level 2. HP: 10/15 MP: 0/5
   548 | D:1      | Reached XP level 3. HP: 20/20 MP: 3/6
  1179 | D:2      | Reached XP level 4. HP: 19/24 MP: 3/8
  1490 | D:2      | Reached skill level 3 in Spellcasting
  1609 | D:2      | Found an ornate altar of the Wu Jian Council.
  1620 | D:2      | Reached skill level 1 in Fighting
  1620 | D:2      | Reached XP level 5. HP: 29/29 MP: 6/9
  1872 | D:2      | Reached skill level 1 in Armour
  1872 | D:2      | Reached skill level 1 in Unarmed Combat
  1901 | D:2      | Learned a level 4 spell: Throw Icicle
  2093 | D:2      | Learned a level 2 spell: Ensorcelled Hibernation
  2107 | D:2      | Found a sacrificial altar of Ru.
  2107 | D:2      | Found a shadowy altar of Dithmenos.
  2461 | D:3      | Noticed Ijyb
  2473 | D:3      | Paralysed by Ijyb for 4 turns
  2477 | D:3      | Killed Ijyb
  2477 | D:3      | Reached XP level 6. HP: 28/34 MP: 5/11
  2555 | D:3      | Found a glowing drain.
  2629 | Sewer    | Entered a sewer
  3071 | Sewer    | Reached skill level 4 in Spellcasting
  3422 | Sewer    | Reached XP level 7. HP: 33/38 MP: 6/13
  3431 | Sewer    | Reached skill level 1 in Short Blades
  3431 | Sewer    | Reached skill level 1 in Evocations
  3949 | D:3      | Found a sparkling altar of Nemelex Xobeh.
  4001 | D:3      | Found a faded altar of an unknown god.
  4547 | D:4      | Reached skill level 5 in Ice Magic
  4828 | D:4      | Found a staircase to the Ecumenical Temple.
  4872 | D:4      | Noticed a hippogriff
  5724 | D:4      | Reached XP level 8. HP: 43/44 MP: 11/15
  5965 | D:5      | Entered Level 5 of the Dungeon
  6002 | Temple   | Entered the Ecumenical Temple
  6226 | Temple   | Became a worshipper of Sif Muna the Loreminder
  6427 | D:5      | Found a shattered altar of Ashenzari.
  6602 | D:5      | Reached skill level 5 in Spellcasting
  6775 | D:5      | Found a white marble altar of Elyvilon.
  7048 | D:6      | Found a hazy altar of Hepliaklqana.
  7939 | D:6      | Found a blossoming altar of Fedhas.
  8033 | D:6      | Reached skill level 1 in Shields
  8151 | D:6      | Reached skill level 5 in Stealth
  8154 | D:6      | Reached XP level 9. HP: 29/49 MP: 10/17
  8235 | D:6      | Reached skill level 6 in Spellcasting
  8639 | D:6      | Reached * piety under Sif Muna
  9089 | D:7      | Found a sand-covered staircase.
  9101 | D:7      | Reached skill level 7 in Spellcasting
  9203 | Ossuary  | Entered an ossuary
  9961 | D:7      | Reached skill level 5 in Dodging
 10413 | D:7      | Reached XP level 10. HP: 33/57 MP: 10/21
 11009 | D:4      | Reached ** piety under Sif Muna
 11319 | D:8      | Reached skill level 5 in Fighting
 11818 | D:8      | Reached skill level 8 in Spellcasting
 12811 | D:8      | Found a glowing silver altar of Zin.
 12812 | D:8      | Found a burning altar of Makhleb.
 12814 | D:8      | Noticed an angel
 12814 | D:8      | Noticed a cacodemon
 13299 | D:9      | Reached skill level 5 in Short Blades
 13299 | D:9      | Reached skill level 9 in Spellcasting
 13405 | D:9      | Reached skill level 5 in Conjurations
 13405 | D:9      | Reached XP level 11. HP: 59/64 MP: 7/24
 13771 | D:9      | Reached *** piety under Sif Muna
 13786 | D:9      | Found a deep blue altar of Sif Muna.
 13823 | D:9      | Found an opulent altar of Gozag.
 14327 | D:9      | Found a basalt altar of Yredelemnul.
 14511 | D:10     | Entered Level 10 of the Dungeon
 16042 | D:11     | Noticed a seven-headed hydra
 16136 | D:11     | Noticed an oklob plant
 16421 | D:11     | Slain by a merfolk

Skill      XL: |  1  2  3  4  5  6  7  8  9 10 11 |
---------------+----------------------------------+-----
Stealth        | 3 4 5 6 |  6.5
Spellcasting   | 3 4 5 7 9 |  9.4
Fighting       | 1 2 4 6 |  6.3
Ice Magic      | 4 5 6 |  6.4
Armour         | 1 |  1.0
Unarmed Combat | 1 2 |  2.0
Dodging        | 3 4 5 6 |  6.3
Short Blades   | 1 2 3 5 |  5.9
Evocations     | 1 2 3 |  3.6
Conjurations   | 2 3 5 6 |  6.5
Shields        | 1 2 3 4 |  4.0

Action                   |  1- 3 |  4- 6 |  7- 9 | 10-12 || total
-------------------------+-------+-------+-------+-------++-------
Melee: Unarmed           |    22 |     9 |       |       ||    31
       Long sword        |       |    11 |   144 |    51 ||   206
       Dagger            |       |     6 |    39 |    56 ||   101
       Short sword       |       |       |    28 |       ||    28
       Punch             |       |       |     1 |     6 ||     7
       Rapier            |       |       |       |    64 ||    64
 Cast: Freeze            |    44 |   148 |   139 |    82 ||   413
       Throw Icicle      |       |       |    25 |    97 ||   122
       Ensorcelled Hiber |       |       |       |    24 ||    24
Evoke: Wand              |       |       |    31 |     8 ||    39
       Sack of spiders   |       |       |     2 |       ||     2
  Use: Scroll            |       |     4 |    12 |    11 ||    27
       Potion            |       |     1 |     4 |     2 ||     7
 Stab: Sleeping          |     2 |     1 |    13 |    27 ||    43
       Paralysed         |       |       |     8 |       ||     8
  Eat: Chunk             |     9 |     7 |    26 |    33 ||    75
Armor: Robe              |     8 |    14 |    44 |    26 ||    92
       Skin              |       |       |     7 |     1 ||     8
Dodge: Dodged            |    49 |   128 |   262 |   203 ||   642
       Rpst.: Long sword |       |    21 |    46 |    17 ||    84
